 Dungeon Crawl Stone Soup version 0.19-a0-713-g934ebc7 (webtiles) character file.

99 Duffy the Slasher (level 4, 0/35 HPs)
             Began as a Demonspawn Monk on June 20, 2016.
             Slain by a gnoll
             ... wielding a +0 halberd
              (9 damage)
             ... on level 2 of the Dungeon.
             The game lasted 00:02:20 (2444 turns).

Duffy the Slasher (Demonspawn Monk)                 Turns: 2444, Time: 00:02:21

Health: 0/35       AC:  5    Str: 12    XL:     4   Next: 45%
Magic:  0/4        EV: 11    Int: 11    God:
Gold:   154        SH:  0    Dex: 18    Spells: 0 memorised, 3 levels left

rFire  . . .     SeeInvis .     a - +0 falchion
rCold  . . .     Gourm    .     q - +0 ring mail (curse)
rNeg   . . .     Faith    .     (no shield)
rPois  .         Spirit   +     (no helmet)
rElec  .         Dismiss  .     (no cloak)
rCorr  .         Reflect  .     (no gloves)
SustAt .         Harm     .     (no boots)
MR     .....                    n - amulet of guardian spirit
Stlth  ++........               (no ring)
                                (no ring)

@: not resistant to hostile enchantments, unstealthy
A: thin skeletal structure 1, spiny 1
a: no special abilities


You were on level 2 of the Dungeon.
You were not hungry.

You visited 1 branch of the dungeon, and saw 3 of its levels.

You collected 154 gold pieces.


Innate Abilities, Weirdness & Mutations

You have a somewhat thin skeletal structure. (Dex +2, Stealth)
You are partially covered in sharp spines.


   Skills:
 - Level 3.0 Fighting
 + Level 4.8 Long Blades
 - Level 2.6 Dodging
 - Level 1.7 Stealth


You had 3 spell levels left.
You didn't know any spells.

Inventory:

Hand Weapons
 a - a +0 falchion (weapon)
Armour
 b - a +0 robe
 p - a +0 leather armour
 q - a cursed +0 ring mail (worn)
Jewellery
 n - an amulet of guardian spirit (around neck)
 r - an uncursed amulet of the gourmand
Scrolls
 e - a scroll of enchant weapon {unknown}
 g - a scroll of teleportation {unknown}
 h - a scroll of identify {unknown}
 i - a scroll of amnesia {unknown}
 l - a scroll of magic mapping {unknown}
 o - 3 scrolls of remove curse {unknown}
 s - a scroll of immolation {unknown}
 t - a scroll of recharging {unknown}
Potions
 d - a potion of heal wounds {unknown}
 f - 3 potions of curing {unknown}
 j - a potion of ambrosia {unknown}
 k - a potion of brilliance {unknown}
 m - a potion of lignification {unknown}
Comestibles
 c - a bread ration

Dungeon Overview and Level Annotations

Branches:
Dungeon (3/15)

Altars:
Elyvilon
Okawaru
Ru
Sif Muna


Message History

The gnoll hits you but does no damage.
A gnoll comes into view. It is wielding a halberd.
The kobold shouts!
The gnoll shouts!
You hit the gnoll.
The gnoll is moderately wounded.
The gnoll hits you with a spear. The gnoll barely misses you.
You hit the gnoll.
The gnoll is severely wounded.
The gnoll is struck by your spines. The gnoll hits you with a spear.
The gnoll closely misses you.
The gnoll hits you from afar with a spear.
You barely miss the gnoll.
The gnoll is almost dead.
The gnoll hits you but does no damage.
You barely miss the gnoll.
The gnoll is almost dead.
The gnoll hits you with a spear.
You hit the gnoll but do no damage.
The gnoll is almost dead.
The gnoll is struck by your spines.
You kill the gnoll!
The gnoll hits you but does no damage. The gnoll closely misses you.
There is a stone staircase leading up here.
The gnoll hits you from afar with a halberd.
You climb upwards.
There is a stone staircase leading down here.
Magic restored.
Eating a chunk of flesh.
This raw flesh tastes terrible.
You continue eating. x2
HP restored.
Done exploring.
You climb downwards.
The gnoll closely misses you.
There is a stone staircase leading up here.
The gnoll is struck by your spines. The gnoll hits you with a halberd!
The gnoll hits you from afar with a spear.
You climb upwards.
There is a stone staircase leading down here.
You hit the gnoll.
The gnoll is severely wounded.
The gnoll misses you.
You closely miss the gnoll.
The gnoll is severely wounded.
You completely miss the gnoll.
The gnoll is severely wounded.
The gnoll hits you with a halberd!
You hit the gnoll.
The gnoll is almost dead.
The gnoll hits you with a halberd!
You die...

#~~...~~#...#..#.##.#..#..
###...###...#.......#..#.#
##........#..#.#.##..#.#
##.......#..#.......#..
#.......#..###.###.###
#####.###..###.# #....
#.#..)...#.#######
#.g...............
#####@................
#...##.......#.#######
#...##.####........#
####...##.# #........#
#.........# #........###
#.........# #........#..
#.........# ##'####+##.#
#.........# #.# #.##.#
#.........#####.####.##.#


You could see a gnoll.

Action                   |  1- 3 |  4- 6 || total
-------------------------+-------+-------++-------
Melee: Falchion          |    86 |    15 ||   101
  Use: Scroll            |     1 |       ||     1
 Stab: Sleeping          |     4 |     2 ||     6
       Paralysed         |     1 |       ||     1
  Eat: Chunk             |     3 |     2 ||     5
Armor: Robe              |     6 |       ||     6
       Ring mail         |     3 |     4 ||     7
Dodge: Dodged            |    49 |    12 ||    61

Notes
Turn   | Place    | Note
--------------------------------------------------------------
     0 | D:1      | Duffy the Demonspawn Monk began the quest for the Orb.
     0 | D:1      | Reached XP level 1. HP: 18/18 MP: 1/1
   384 | D:1      | Reached skill level 3 in Long Blades
   559 | D:1      | Gained mutation: You have a somewhat thin skeletal structure. (Dex +2, Stealth) [demonic ancestry]
   559 | D:1      | Reached XP level 2. HP: 24/24 MP: 2/2
  1171 | D:1      | Gained mutation: You are partially covered in sharp spines. [demonic ancestry]
  1171 | D:1      | Reached XP level 3. HP: 24/29 MP: 3/3
  1322 | D:2      | Found a deep blue altar of Sif Muna.
  1476 | D:2      | Found an iron altar of Okawaru.
  1543 | D:2      | Reached skill level 4 in Long Blades
  1619 | D:2      | Found a white marble altar of Elyvilon.
  1900 | D:2      | Found a sacrificial altar of Ru.
  1913 | D:2      | Reached XP level 4. HP: 33/35 MP: 2/4
  2444 | D:2      | Slain by a gnoll

Skill      XL: |  1  2  3 |
---------------+----------+-----
Long Blades    | 3 4 |  4.8
Fighting       | |  3.0
Dodging        | |  2.6
Stealth        | |  1.7

Vault maps used:
D:1:      zaba_arrival_water, minmay_ruptured
D:2:      overflow_temple_1_default, led_sif_pool, elyvilon_altar_4,
          nicolae_ru_great_annihilating_truth
D:3:      first_bread

Vanquished Creatures
  An orc wizard
  2 gnolls
  An adder
  2 worms
  3 dart slugs
  2 giant geckos
  An orc
  3 bats
  A giant cockroach
  A goblin
  3 hobgoblins
  5 kobolds
  A quokka
  2 giant newts
  4 rats
32 creatures vanquished.
